| TOP OF THE 1ST |
|
Greenville Drive batting - Pitching for Hickory Crawdads : RHP Jim Ruleman
|
|
Pitching: RHP Jim Ruleman
|
|
|
Batting: RHB Aukukero Tairi
|
0-0: Called Strike 0-1: Swinging Strike 0-2: Ball 1-2: Foul Ball, location: 2F 1-2: Foul Ball, location: 2F 1-2: Foul Ball, location: 2F 1-2: Strikes out looking
|
|
Batting: SHB Salvador Padilla
|
0-0: Called Strike 0-1: Ball 1-1: Foul Ball, location: 2F 1-2: Ground out 6-3 (Groundball, 56, EV 105.0 MPH)
|
|
Batting: RHB Alex Cardenas
|
0-0: Ball 1-0: Ground out 6-3 (Groundball, 6, EV 78.8 MPH)
|
| Top of the 1st over - 0 runs, 0 hits, 0 errors, 0 left on base; Greenville 0 - Hickory 0 |
| BOTTOM OF THE 1ST |
|
Hickory Crawdads batting - Pitching for Greenville Drive : RHP Teruhiko Ushijima
|
|
Pitching: RHP Teruhiko Ushijima
|
|
|
Batting: RHB Roberto Rodriguez
|
0-0: Ball 1-0: Called Strike 1-1: Foul Ball, location: 2F 1-2: Foul Ball, location: 2F 1-2: Foul Ball, location: 2F 1-2: Foul Ball, location: 2F 1-2: Foul Ball, location: 2F 1-2: Foul Ball, location: 2F 1-2: Foul Ball, location: 2F 1-2: SINGLE (Line Drive, 78S, EV 107.5 MPH)
|
|
Batting: RHB John Parra
|
Pickoff Play to 1st, Runner tries for 2nd, OUT after rundown. 0-0: Called Strike 0-1: Swinging Strike 0-2: Ball 1-2: Ball 2-2: Foul Ball, location: 2F 2-2: Ball 3-2: Strikes out swinging
|
|
Batting: LHB Yasahiko Teshima
|
0-0: Ball 1-0: Called Strike 1-1: Ground out U3 (Groundball, 3, EV 90.0 MPH)
|
| Bottom of the 1st over - 0 runs, 1 hit, 0 errors, 0 left on base; Greenville 0 - Hickory 0 |
| TOP OF THE 2ND |
|
Greenville Drive batting - Pitching for Hickory Crawdads : RHP Jim Ruleman
|
|
Batting: LHB Danny Montoya
|
0-0: Ball 1-0: Ground out U3 (Groundball, 34S, EV 80.6 MPH)
|
|
Batting: SHB Robert Soto
|
0-0: Foul Ball, location: 2F 0-1: Ball 1-1: Called Strike 1-2: Ball 2-2: Foul Ball, location: 2F 2-2: Strikes out swinging
|
|
Batting: RHB Adugna Chandu
|
0-0: Ball 1-0: Ball 2-0: Ball 3-0: Foul Ball, location: 2F 3-1: Foul Ball, location: 2F 3-2: Strikes out swinging
|
| Top of the 2nd over - 0 runs, 0 hits, 0 errors, 0 left on base; Greenville 0 - Hickory 0 |
| BOTTOM OF THE 2ND |
|
Hickory Crawdads batting - Pitching for Greenville Drive : RHP Teruhiko Ushijima
|
|
Batting: SHB Todd Hewitt
|
0-0: Swinging Strike 0-1: Ball 1-1: Ground out 6-3 (Groundball, 6M, EV 92.5 MPH)
|
|
Batting: RHB Melvin Gomez
|
0-0: Called Strike 0-1: Ball 1-1: Foul Ball, location: 2F 1-2: Strikes out swinging
|
|
Batting: LHB Caleb Domino
|
0-0: Ball 1-0: Ball 2-0: Foul Ball, location: 2F 2-1: Ball 3-1: Base on Balls
|
|
Batting: RHB David Barnard
|
0-0: Ball 1-0: Called Strike 1-1: Called Strike 1-2: Ball 2-2: Foul Ball, location: 2F 2-2: Ball 3-2: Base on Balls Caleb Domino to second
|
|
Batting: RHB Jose Pineda
|
0-0: Fielders Choice at 2nd, 6-4 (Groundball, 6, EV 78.1 MPH)
|
| Bottom of the 2nd over - 0 runs, 0 hits, 0 errors, 2 left on base; Greenville 0 - Hickory 0 |
| TOP OF THE 3RD |
|
Greenville Drive batting - Pitching for Hickory Crawdads : RHP Jim Ruleman
|
|
Batting: RHB Mario Arriero
|
0-0: Ball 1-0: Ball 2-0: Fly out, F9 (Flyball, 9, EV 73.8 MPH)
|
|
Batting: LHB Robert Gonzalez
|
0-0: Foul Ball, location: 2F 0-1: Swinging Strike 0-2: TRIPLE (Flyball, 78XD, EV 90.0 MPH)
|
|
Batting: RHB Bobby Schimke
|
0-0: Ball 1-0: Called Strike 1-1: Swinging Strike 1-2: Foul Ball, location: 2F 1-2: Strikes out looking
|
|
Batting: RHB Aukukero Tairi
|
0-0: Ball 1-0: Foul Ball, location: 2F 1-1: Called Strike 1-2: Ball 2-2: DOUBLE (Line Drive, 9LM, EV 110.0 MPH) Robert Gonzalez scores
|
|
Batting: SHB Salvador Padilla
|
0-0: Called Strike 0-1: Ball 1-1: Ball 2-1: Swinging Strike 2-2: Fly out, F7 (Flyball, 7LS, EV 78.1 MPH)
|
| Top of the 3rd over - 1 run, 2 hits, 0 errors, 1 left on base; Greenville 1 - Hickory 0 |
| BOTTOM OF THE 3RD |
|
Hickory Crawdads batting - Pitching for Greenville Drive : RHP Teruhiko Ushijima
|
|
Batting: RHB Zach Thomason
|
0-0: Ball 1-0: SINGLE (Groundball, 6MD, EV 102.5 MPH)
|
|
Batting: RHB Roberto Rodriguez
|
0-0: Ball 1-0: Fielders Choice at 2nd, 5-4 (Groundball, 5, EV 85.6 MPH)
|
|
Batting: RHB John Parra
|
0-0: Foul Ball, location: 2F 0-1: Called Strike 0-2: Ball Roberto Rodriguez is caught stealing 2nd base 2-4 1-2: Ground out 5-3 (Groundball, 56, EV 111.2 MPH)
|
| Bottom of the 3rd over - 0 runs, 1 hit, 0 errors, 0 left on base; Greenville 1 - Hickory 0 |
| TOP OF THE 4TH |
|
Greenville Drive batting - Pitching for Hickory Crawdads : RHP Jim Ruleman
|
|
Batting: RHB Alex Cardenas
|
0-0: Fly out, F8 (Flyball, 8LXD, EV 93.1 MPH)
|
|
Batting: LHB Danny Montoya
|
0-0: Foul Ball, location: 2F 0-1: Swinging Strike 0-2: Ball 1-2: Foul Ball, location: 2F 1-2: Foul Ball, location: 2F 1-2: Foul Ball, location: 2F 1-2: Foul Ball, location: 2F 1-2: Fly out, F8 (Line Drive, 8LM, EV 100.0 MPH)
|
|
Batting: SHB Robert Soto
|
0-0: Foul Ball, location: 2F 0-1: Ball 1-1: Foul Ball, location: 2F 1-2: SOLO HOME RUN (Flyball, 9LD, EV 96.2 MPH), Distance : 337 ft
|
|
Batting: RHB Adugna Chandu
|
0-0: Called Strike 0-1: Foul Ball, location: 2F 0-2: Ball 1-2: Foul Ball, location: 2F 1-2: Ground out 5-3 (Groundball, 5, EV 97.5 MPH)
|
| Top of the 4th over - 1 run, 1 hit, 0 errors, 0 left on base; Greenville 2 - Hickory 0 |
| BOTTOM OF THE 4TH |
|
Hickory Crawdads batting - Pitching for Greenville Drive : RHP Teruhiko Ushijima
|
|
Batting: LHB Yasahiko Teshima
|
0-0: Swinging Strike 0-1: SOLO HOME RUN (Flyball, 89XD, EV 113.1 MPH), Distance : 439 ft
|
|
Batting: SHB Todd Hewitt
|
0-0: Ball 1-0: Ball 2-0: Ball 3-0: Foul Ball, location: 2F 3-1: DOUBLE (Line Drive, 7LD, EV 103.8 MPH)
|
|
Batting: RHB Melvin Gomez
|
0-0: Ball 1-0: Ball 2-0: Ball 3-0: Called Strike 3-1: SINGLE (Line Drive, 8LS, EV 92.5 MPH) Todd Hewitt to third
|
|
Batting: LHB Caleb Domino
|
0-0: Ball Melvin Gomez is caught stealing 2nd base 2-6 1-0: 2-RUN HOME RUN (Flyball, 9LD, EV 89.4 MPH), Distance : 337 ft
|
|
Batting: RHB David Barnard
|
0-0: Ball 1-0: Fly out, F8 (Flyball, 8LM, EV 83.8 MPH)
|
|
Batting: RHB Jose Pineda
|
0-0: Foul Ball, location: 2F 0-1: Foul Ball, location: 2F 0-2: Ball 1-2: Ball 2-2: Ball 3-2: Strikes out swinging
|
| Bottom of the 4th over - 3 runs, 4 hits, 0 errors, 0 left on base; Greenville 2 - Hickory 3 |
| TOP OF THE 5TH |
|
Greenville Drive batting - Pitching for Hickory Crawdads : RHP Jim Ruleman
|
|
Batting: RHB Mario Arriero
|
0-0: Ball 1-0: Ground out 6-3 (Groundball, 6, EV 91.2 MPH)
|
|
Batting: LHB Robert Gonzalez
|
0-0: Called Strike 0-1: Foul Ball, location: 2F 0-2: Strikes out looking
|
|
Batting: RHB Bobby Schimke
|
0-0: Ball 1-0: Fly out, F6 (Popup, 6MD, EV 50.6 MPH)
|
| Top of the 5th over - 0 runs, 0 hits, 0 errors, 0 left on base; Greenville 2 - Hickory 3 |
| BOTTOM OF THE 5TH |
|
Hickory Crawdads batting - Pitching for Greenville Drive : RHP Teruhiko Ushijima
|
|
Batting: RHB Zach Thomason
|
0-0: Ball 1-0: Ball 2-0: Ground out 6-3 (Groundball, 56D, EV 102.5 MPH)
|
|
Batting: RHB Roberto Rodriguez
|
0-0: Called Strike 0-1: Ball 1-1: Ball 2-1: Ball 3-1: Called Strike 3-2: SINGLE (Line Drive, 89S, EV 108.8 MPH)
|
|
Batting: RHB John Parra
|
0-0: Ball Roberto Rodriguez is caught stealing 2nd base 2-4 1-0: Swinging Strike 1-1: Ball 2-1: Ground out 1-3 (Groundball, 13S, EV 70.0 MPH)
|
| Bottom of the 5th over - 0 runs, 1 hit, 0 errors, 0 left on base; Greenville 2 - Hickory 3 |
| TOP OF THE 6TH |
|
Greenville Drive batting - Pitching for Hickory Crawdads : RHP Jim Ruleman
|
|
Batting: RHB Aukukero Tairi
|
0-0: Ball 1-0: Fly out, F9 (Flyball, 89S, EV 86.2 MPH)
|
|
Pitching: RHP El-Shamy Saami
|
|
|
Batting: SHB Salvador Padilla
|
0-0: Foul Ball, location: 2F 0-1: Ground out U3 (Groundball, 34S, EV 80.6 MPH)
|
|
Batting: RHB Alex Cardenas
|
0-0: Foul Ball, location: 2F 0-1: Swinging Strike 0-2: Strikes out swinging
|
| Top of the 6th over - 0 runs, 0 hits, 0 errors, 0 left on base; Greenville 2 - Hickory 3 |
| BOTTOM OF THE 6TH |
|
Hickory Crawdads batting - Pitching for Greenville Drive : RHP Teruhiko Ushijima
|
|
Pitching: RHP Tyler Tomblin
|
|
|
Batting: LHB Yasahiko Teshima
|
0-0: Called Strike 0-1: Called Strike 0-2: Fly out, F5 (Popup, 56, EV 78.1 MPH)
|
|
Batting: SHB Todd Hewitt
|
0-0: Called Strike 0-1: Swinging Strike 0-2: Ball 1-2: Foul Ball, location: 2F 1-2: SINGLE (Groundball, 56D, EV 97.5 MPH)
|
|
Batting: RHB Melvin Gomez
|
0-0: Fly out, F9 (Flyball, 89M, EV 83.8 MPH)
|
|
Batting: LHB Caleb Domino
|
0-0: Called Strike 0-1: Swinging Strike 0-2: Foul Ball, location: 2F 0-2: Foul Ball, location: 2F 0-2: Strikes out looking
|
| Bottom of the 6th over - 0 runs, 1 hit, 0 errors, 1 left on base; Greenville 2 - Hickory 3 |
| TOP OF THE 7TH |
|
Greenville Drive batting - Pitching for Hickory Crawdads : RHP El-Shamy Saami
|
|
Batting: LHB Danny Montoya
|
0-0: Foul Ball, location: 2F 0-1: Ball 1-1: Swinging Strike 1-2: Strikes out swinging
|
|
Batting: SHB Robert Soto
|
0-0: Swinging Strike 0-1: Ball 1-1: Foul Ball, location: 2F 1-2: Strikes out swinging
|
|
Batting: RHB Adugna Chandu
|
0-0: Called Strike 0-1: Ball 1-1: Swinging Strike 1-2: Ball 2-2: Foul Ball, location: 2F 2-2: Ball 3-2: SOLO HOME RUN (Flyball, 78XD, EV 108.8 MPH), Distance : 444 ft
|
|
Batting: RHB Mario Arriero
|
0-0: Foul Ball, location: 2F 0-1: Swinging Strike 0-2: Ground out 6-3 (Groundball, 6, EV 91.9 MPH)
|
| Top of the 7th over - 1 run, 1 hit, 0 errors, 0 left on base; Greenville 3 - Hickory 3 |
| BOTTOM OF THE 7TH |
|
Hickory Crawdads batting - Pitching for Greenville Drive : RHP Tyler Tomblin
|
|
Batting: RHB David Barnard
|
0-0: Ball 1-0: DOUBLE (Line Drive, 5D, EV 95.0 MPH)
|
|
Batting: RHB Jose Pineda
|
0-0: Ball David Barnard steals 3rd base 1-0: DOUBLE (Groundball, 5D, EV 95.0 MPH) David Barnard scores
|
|
Batting: RHB Zach Thomason
|
0-0: Foul Ball, location: 2F 0-1: Ball 1-1: Called Strike 1-2: Ball 2-2: Foul Ball, location: 2F 2-2: Foul Ball, location: 2F 2-2: Foul Ball, location: 2F 2-2: Foul Ball, location: 2F 2-2: Ball 3-2: Foul Ball, location: 2F 3-2: Ground out 5-3 (Groundball, 56, EV 85.0 MPH)
|
|
Batting: RHB Roberto Rodriguez
|
0-0: Ball 1-0: Ball 2-0: Foul Ball, location: 2F 2-1: Ball 3-1: Foul Ball, location: 2F 3-2: Fly out, F7 (Line Drive, 78D, EV 85.0 MPH)
|
|
Pitching: RHP Jon Olivo
|
|
|
Batting: RHB John Parra
|
0-0: Called Strike 0-1: SINGLE (Line Drive, 7LS, EV 109.4 MPH) Jose Pineda to third Runner from 3rd tries for Home, throw by LF and OUT! 7-2
|
| Bottom of the 7th over - 1 run, 3 hits, 0 errors, 1 left on base; Greenville 3 - Hickory 4 |
| TOP OF THE 8TH |
|
Greenville Drive batting - Pitching for Hickory Crawdads : RHP El-Shamy Saami
|
|
Pitching: RHP Victor Benitez
|
|
|
Batting: LHB Robert Gonzalez
|
0-0: Ball 1-0: Ball 2-0: Called Strike 2-1: Ground out 4-3 (Groundball, 4, EV 89.4 MPH)
|
|
Pinch Hitting: LHB Carlos Guerra
|
0-0: Ball 1-0: Ball 2-0: Called Strike 2-1: Ball 3-1: Foul Ball, location: 2F 3-2: Base on Balls
|
|
Pinch Hitting: LHB Eddie Contreras
|
0-0: Ball 1-0: Foul Ball, location: 2F 1-1: 2-RUN HOME RUN (Flyball, 9D, EV 97.5 MPH), Distance : 372 ft
|
|
Batting: SHB Salvador Padilla
|
0-0: Ball 1-0: Foul Ball, location: 2F 1-1: Swinging Strike 1-2: Foul Ball, location: 2F 1-2: Ball 2-2: Ball 3-2: Strikes out swinging
|
|
Batting: RHB Alex Cardenas
|
0-0: Called Strike 0-1: Foul Ball, location: 2F 0-2: Ball 1-2: Strikes out looking
|
| Top of the 8th over - 2 runs, 1 hit, 0 errors, 0 left on base; Greenville 5 - Hickory 4 |
| BOTTOM OF THE 8TH |
|
Hickory Crawdads batting - Pitching for Greenville Drive : RHP Jon Olivo
|
|
Now at 2B: Matt Parker
|
|
|
Now at SS: Adugna Chandu
|
|
|
Now in LF: Carlos Guerra
|
|
|
Now in CF: Mario Arriero
|
|
|
Batting: LHB Yasahiko Teshima
|
0-0: Called Strike 0-1: Ball 1-1: Ball 2-1: DOUBLE (Groundball, 3L, EV 102.5 MPH)
|
|
Batting: SHB Todd Hewitt
|
0-0: Ball 1-0: Fly out, F7 (Flyball, 7D, EV 93.1 MPH)
|
|
Batting: RHB Melvin Gomez
|
0-0: Foul Ball, location: 2F 0-1: Swinging Strike 0-2: Foul Ball, location: 2F 0-2: Foul Ball, location: 2F 0-2: Fly out, F7 (Flyball, 7D, EV 102.5 MPH) Runner from 2nd tags up, SAFE at 3rd with throw by LF
|
|
Pitching: LHP Roald van Erkel
|
|
|
Batting: LHB Caleb Domino
|
0-0: Ball 1-0: 2-RUN HOME RUN (Flyball, 9LD, EV 95.6 MPH), Distance : 350 ft
|
|
Batting: RHB David Barnard
|
0-0: Foul Ball, location: 2F 0-1: Foul Ball, location: 2F 0-2: Strikes out swinging
|
| Bottom of the 8th over - 2 runs, 2 hits, 0 errors, 0 left on base; Greenville 5 - Hickory 6 |
| TOP OF THE 9TH |
|
Greenville Drive batting - Pitching for Hickory Crawdads : RHP Victor Benitez
|
|
Batting: LHB Danny Montoya
|
0-0: Foul Ball, location: 2F 0-1: Ball 1-1: Ground out 1-3 (Groundball, 15S, EV 64.4 MPH)
|
|
Batting: SHB Robert Soto
|
0-0: Called Strike 0-1: Ball 1-1: Ground out 4-3 (Groundball, 4, EV 92.5 MPH)
|
|
Batting: RHB Adugna Chandu
|
0-0: Foul Ball, location: 2F 0-1: Ball 1-1: Fly out, F8 (Line Drive, 78D, EV 96.2 MPH)
|
| Top of the 9th over - 0 runs, 0 hits, 0 errors, 0 left on base; Greenville 5 - Hickory 6 |
|